 Dungeon Crawl Stone Soup version 0.30.1-9-gdf580d7c3d (webtiles) character file.

Game seed: 10946658744431260072

144 KittyFluff the Cudgeller (level 5, -5/49 HPs)
             Began as a Gargoyle Berserker on Oct 7, 2023.
             Was a Believer of Trog.
             Slain by a gnoll
             ... wielding a +0 halberd
              (12 damage)
             ... on level 4 of the Dungeon.
             The game lasted 00:11:15 (2927 turns).

KittyFluff the Cudgeller (Gargoyle Berserker)       Turns: 2927, Time: 00:11:16

Health: -5/49      AC:  6    Str: 23    XL:     5   Next: 27%
Magic:  0/5        EV: 12    Int:  7    God:    Trog [**....]
Gold:   94         SH:  0    Dex:  9    Spells: 4/4 levels left

rFire   . . .        a - +0 mace
rCold   . . .        (no shield)
rNeg    + . .        b - +0 animal skin
rPois   ∞            (no helmet)
rElec   +            (no cloak)
rCorr   .            (no gloves)
SInv    .            (no boots)
Will    .....        c - amulet of guardian spirit Stlth
                     r - ring of flight
HPRegen 0.28/turn    (no ring)
MPRegen 0.09/turn

%: guardian spirit
@: berserking, flying, very quick
A: sickness immunity, AC +4, negative energy resistance 1, electricity
resistance, torment resistance 1, petrification resistance
a: Renounce Religion, Berserk, Trog's Hand


You were on level 4 of the Dungeon.
You worshipped Trog.
Trog was pleased with you.
You visited 1 branch of the dungeon, and saw 4 of its levels.

You collected 94 gold pieces.

Inventory:

Hand Weapons
 a - a +0 mace (weapon)
Missiles
 n - 2 poisoned darts (quivered)
Armour
 b - a +0 animal skin (worn)
Jewellery
 c - an amulet of guardian spirit (around neck)
 r - a ring of flight (left hand)
Scrolls
 d - 5 scrolls of identify {unknown}
 f - 4 scrolls of teleportation {unknown}
 j - 3 scrolls of brand weapon {unknown}
 k - a scroll of immolation {unknown}
 m - 2 scrolls of poison {unknown}
 o - 2 scrolls of torment {unknown}
 p - a scroll of enchant weapon {unknown}
Potions
 e - 2 potions of haste {unknown}
 g - 3 potions of curing {unknown}
 h - 2 potions of magic {unknown}
 i - a potion of degeneration {unknown}
 l - 2 potions of attraction {unknown}
 q - a potion of might {unknown}


   Skills:
 + Level 3.9 Fighting
 * Level 4.1 Maces & Flails
 * Level 3.7 Armour
 + Level 2.3 Dodging


You had 4 spell levels left.
You didn't know any spells.
Your spell library was empty.

Dungeon Overview and Level Annotations

Branches:
Dungeon (4/15)
 Temple: D:4-7

Altars:
Ashenzari
Yredelemnul

Annotations:
D:2 1 runed translucent door, Crazy Yiuf


Innate Abilities, Weirdness & Mutations

You are immune to sickness and miasma.
Your stone body is resilient. (AC +4)
You are immune to poison.
You resist negative energy. (rN+)
You are resistant to electric shocks. (rElec)
You are resistant to unholy torment.
You are immune to petrification.


Message History

Found a bone ring.
There is a stone staircase leading up here.
r - a ring of flight You fly up into the air.
r - a ring of flight (left hand)
There is a stone staircase leading up here.
A gnoll comes into view. It is wielding a +2 spear of venom.
Found a stone staircase leading down.
The gnoll hits you from afar with a +2 spear of venom.
A gnoll comes into view. It is wielding a +0 halberd.
The gnoll hits you with a +2 spear of venom.
You closely miss the gnoll.
The gnoll shouts!
You hear an angry hiss.
The gnoll barely misses you.
You sock the gnoll!
The gnoll is severely wounded.
The gnoll hits you with a +2 spear of venom.
A gnoll comes into view. It is wielding a +0 club.
An adder comes into view.
The gnoll shouts!
You hit the gnoll.
The gnoll is severely wounded.
The gnoll misses you.
You hit the gnoll but do no damage.
The gnoll is severely wounded.
The gnoll hits you with a +2 spear of venom. x2
A red film seems to cover your vision as you go berserk!
You feel yourself moving faster!
You feel mighty!
The gnoll hits you from afar with a +0 halberd!
* * * LOW HITPOINT WARNING * * *
The gnoll barely misses you.
You hit the gnoll.
You kill the gnoll!
Trog accepts your kill. The gnoll hits you with a +0 halberd.
* * * LOW HITPOINT WARNING * * *
Things that are here:
a +2 spear of venom; a gnoll corpse You barely miss the gnoll.
The gnoll hits you with a +0 halberd!
You die...

#.# #.# #.# #.#
#.# #.# #.#
.#.##########.#
....gSg@....#.#
..>########.#.#
..........#
#######.### #.#
..# #######
...#
###.#########


You could see 2 gnolls and an adder.

Vanquished Creatures
  An iguana (D:2)
  A gnoll (D:4)
  2 adders
  3 worms (D:2)
  2 dart slugs (D:1)
  4 orcs (D:3)
  8 endoplasms
  4 giant cockroaches
  2 goblins
  8 hobgoblins
  4 quokkas
  11 ball pythons
  6 bats
  3 frilled lizards (D:1)
  7 kobolds
  7 rats
73 creatures vanquished.

Notes
Turn   | Place    | Note
-------+----------+-------------------------------------------
     0 | D:1      | KittyFluff the Gargoyle Berserker began the quest for the
                  | Orb.
     0 | D:1      | Reached XP level 1. HP: 14/14 MP: 1/1
   208 | D:1      | Reached XP level 2. HP: 19/19 MP: 2/2
   440 | D:1      | Reached XP level 3. HP: 23/23 MP: 3/3
   676 | D:1      | Reached ** piety under Trog
  1044 | D:2      | Found a basalt altar of Yredelemnul.
  1118 | D:2      | Found a runed translucent door.
  1119 | D:2      | Noticed Crazy Yiuf
  1247 | D:2      | Reached XP level 4. HP: 12/29 MP: 1/4
  1340 | D:2      | You fall into a shaft and drop 2 floors!
  2225 | D:3      | Reached XP level 5. HP: 31/33 MP: 5/5
  2269 | D:3      | Reached skill level 4 in Maces & Flails
  2424 | D:3      | Found a broken altar of Ashenzari.
  2665 | D:3      | Reached *** piety under Trog
  2927 | D:4      | Slain by a gnoll

Illustrated notes

Levels and vault maps discovered:
D:1:      minmay_arrival_shattered_statue, layout_loops_corners,
          minmay_close_crescents
D:2:      layout_loops_ring, basic_altar, serial_bayou_pond_c,
          uniq_crazy_yiuf_cottage
D:3:      layout_loops_corners, ashenzari_altar_1
D:4:      layout_basic

Skill      XL: |  1  2  3  4  5 |
---------------+----------------+-----
Armour         | 3 |  3.7
Dodging        | 2 |  2.3
Maces & Flails | 4 |  4.1
Fighting       | |  3.9

Action                     |  1- 3 |  4- 6 || total
---------------------------+-------+-------++-------
  Melee: Mace              |   145 |   111 ||   256
         Punch             |     2 |       ||     2
 Invoke: Berserk           |       |     2 ||     2
   Stab: Sleeping          |     1 |       ||     1
 Armour: Animal skin       |    52 |    35 ||    87
  Dodge: Dodged            |    82 |    59 ||   141
